Map: Honorgrounds LE

Players

ShoWTimE - Winner!

  • Race: Protoss Protoss
  • Spawn Location: 5:00

Neeb

  • Race: Protoss Protoss
  • Spawn Location: 1:00

Event: WCS Austin 2017

VOD

Have the link to the VOD?

Description

Time

  • Played on: April 29, 2017, 9:23 p.m.
  • Length: 14:46

All games in this series

Show
View Real Time Build Order
Export as new Build Order

ShoWTimE Protoss - Winner!

Build Orders: 1 Gate Expand, Oracle Opening, Phoenix Opening 

Get SALT Encoding   

  12  0:00  Probe (Chrono Boost)  
  13  0:11  Probe (Chrono Boost)  
  14  0:18  Pylon  
  14  0:22  Probe (Chrono Boost)  
  15  0:36  Probe (Chrono Boost)  
  15  0:38  Gateway  
  16  0:47  Probe (Chrono Boost)  
  16  0:48  Assimilator  
  17  0:58  Probe (Chrono Boost)  
  18  1:08  Probe (Chrono Boost)  
  19  1:22  Nexus  
  20  1:25  Probe (Chrono Boost)  
  20  1:35  Cybernetics Core  
  20  1:39  Probe (Chrono Boost)  
  21  1:45  Assimilator  
  21  1:49  Probe (Chrono Boost)  
  22  1:54  Pylon  
  22  2:00  Probe (Chrono Boost)  
  23  2:04  Pylon  
  23  2:12  Warp Gate  
  23  2:13  Probe (Chrono Boost)  
  24  2:18  Stalker  
  26  2:24  Probe (Chrono Boost)  
  27  2:35  Probe (Chrono Boost)  
  27  2:36  Probe (Chrono Boost)  
  29  2:40  Stargate  
  29  2:45  Probe (Chrono Boost)  
  29  2:48  Stalker  
  29  2:49  Probe (Chrono Boost)  
  31  2:56  Probe (Chrono Boost)  
  34  3:01  Probe (Chrono Boost)  
  35  3:07  Probe (Chrono Boost)  
  37  3:13  Probe (Chrono Boost)  
  37  3:17  Probe (Chrono Boost)  
  37  3:18  Oracle  
  38  3:25  Probe (Chrono Boost)  
  41  3:27  Assimilator x2  
  41  3:28  Probe (Chrono Boost)  
  42  3:37  Probe (Chrono Boost)  
  42  3:38  Probe (Chrono Boost)  
  42  3:40  Stargate  
  44  3:44  Pylon  
  45  3:49  Probe x2 (Chrono Boost)  
  45  3:53  Phoenix  
  46  4:00  Probe x2 (Chrono Boost)  
  46  4:01  Gateway  
  50  4:11  Mothership Core (Chrono Boost)  
  50  4:12  Probe (Chrono Boost)  
  53  4:22  Void Ray  
  54  4:24  Probe (Chrono Boost)  
  54  4:30  Probe (Chrono Boost)  
  59  4:32  Pylon  
  59  4:36  Robotics Facility, Probe (Chrono Boost)  
  60  4:40  Probe (Chrono Boost)  
  60  4:45  Pylon, Void Ray  
  61  4:48  Probe (Chrono Boost)  
  61  4:52  Probe (Chrono Boost)  
  68  5:00  Probe (Chrono Boost)  
  68  5:03  Void Ray  
  68  5:04  Probe (Chrono Boost)  
  68  5:06  Pylon  
  73  5:23  Observer  
  73  5:25  Probe (Chrono Boost)  
  73  5:26  Probe (Chrono Boost)  
  73  5:28  Protoss Air Weapons Level 1  
  76  5:29  Nexus  
  76  5:31  Pylon  
  76  5:32  Pylon  
  76  5:43  Void Ray  
  76  5:44  Immortal  
  76  5:45  Sentry  
  86  5:52  Pylon  
  86  5:55  Probe x2 (Chrono Boost)  
  88  6:01  Void Ray  
  92  6:09  Probe x2 (Chrono Boost)  
  94  6:16  Forge  
  94  6:21  Probe x2 (Chrono Boost)  
  94  6:23  Adept  
  94  6:24  Adept  
  101  6:33  Probe (Chrono Boost)  
  101  6:35  Immortal  
  101  6:42  Probe (Chrono Boost)  
  103  6:51  Photon Cannon  
  103  6:55  Robotics Bay  
  103  6:58  Probe (Chrono Boost)  
  103  7:00  Assimilator, Probe x2 (Chrono Boost), Void Ray  
  106  7:03  Photon Cannon  
  106  7:04  Assimilator  
  106  7:05  Void Ray  
  114  7:12  Photon Cannon  
  114  7:14  Pylon  
  114  7:19  Probe x2 (Chrono Boost)  
  114  7:21  Photon Cannon  
  116  7:24  Fleet Beacon  
  116  7:34  Photon Cannon  
  114  7:44  Stargate  
  114  7:49  Pylon  
  114  7:51  Pylon  
  114  7:53  Pylon  
  114  8:02  Carrier  
  114  8:05  Photon Cannon  
  114  8:06  Photon Cannon  
  114  8:07  Pylon, Photon Cannon, Carrier  
  114  8:08  Stalker x2, Photon Cannon  
  124  8:18  Graviton Catapult  
  126  8:23  Carrier  
  127  8:28  Probe (Chrono Boost), Photon Cannon  
  133  8:44  Protoss Air Weapons Level 2  
  133  8:50  Pylon  
  133  8:51  Pylon  
  133  9:02  Zealot x2  
  135  9:05  Nexus  
  135  9:07  Pylon  
  137  9:10  Photon Cannon  
  137  9:19  Carrier  
  137  9:24  Carrier  
  153  9:41  Carrier  
  153  9:48  Assimilator  
  153  9:51  Assimilator  
  153  9:52  Probe x2 (Chrono Boost)  
  153  9:54  Photon Cannon  
  153  9:57  Photon Cannon  
  153  9:58  Protoss Shields Level 1  
  159  10:09  Pylon  
  159  10:13  Stargate  
  159  10:24  Observer  
  159  10:30  Photon Cannon  
  159  10:35  Pylon, Photon Cannon  
  159  10:40  Oracle, Carrier  
  159  10:43  Cybernetics Core  
  162  10:50  Observer  
  162  10:55  Carrier  
  169  10:58  Adept x2  
  169  11:00  Photon Cannon  
  167  11:07  Carrier  
  163  11:22  Probe (Chrono Boost)  
  163  11:23  Probe x3 (Chrono Boost)  
  173  11:30  Adept x2  
  177  11:35  Carrier  
  177  11:38  Probe (Chrono Boost)  
  177  11:39  Probe x3 (Chrono Boost)  
  177  11:51  Adept x2  
  171  11:55  Carrier  
  171  11:58  Pylon  
  171  11:59  Pylon  
  176  12:10  Disruptor  
  179  12:22  Adept  
  179  12:23  Adept  
  183  12:46  Carrier  
  183  12:50  Nexus  
  183  12:52  Pylon  
  189  13:07  Pylon  
  189  13:08  Pylon  
  189  13:11  Observer  
  190  13:16  Pylon  
  193  13:49  Disruptor  
  193  13:54  Photon Cannon  
  196  13:56  Photon Cannon  
  196  13:58  Photon Cannon  
  196  14:07  Photon Cannon  
  196  14:26  Stalker x2  
  200  14:39  Assimilator  
  200  14:40  Assimilator  
  200  14:44  Photon Cannon  
Show
View Real Time Build Order
Export as new Build Order

Neeb Protoss 

Build Orders: Nexus First 

Get SALT Encoding   

  12  0:00  Probe (Chrono Boost)  
  13  0:11  Probe (Chrono Boost)  
  14  0:19  Pylon  
  14  0:22  Probe (Chrono Boost)  
  15  0:37  Probe (Chrono Boost)  
  16  0:47  Probe (Chrono Boost)  
  17  0:58  Nexus  
  18  1:09  Gateway  
  17  1:12  Probe (Chrono Boost)  
  18  1:18  Assimilator  
  18  1:23  Probe (Chrono Boost)  
  19  1:26  Assimilator  
  19  1:33  Probe (Chrono Boost)  
  19  1:39  Gateway  
  20  1:44  Probe (Chrono Boost)  
  21  1:54  Probe (Chrono Boost)  
  21  1:57  Cybernetics Core  
  22  2:05  Probe (Chrono Boost)  
  23  2:10  Probe (Chrono Boost)  
  25  2:15  Probe (Chrono Boost)  
  25  2:20  Probe (Chrono Boost)  
  26  2:26  Probe (Chrono Boost), Warp Gate  
  27  2:32  Probe (Chrono Boost)  
  27  2:33  Stalker x2  
  32  2:43  Mothership Core (Chrono Boost)  
  34  2:46  Probe (Chrono Boost)  
  34  2:50  Pylon  
  36  2:59  Probe (Chrono Boost)  
  36  3:02  Probe (Chrono Boost)  
  36  3:04  Stalker x2  
  37  3:12  Probe (Chrono Boost)  
  42  3:19  Probe (Chrono Boost)  
  43  3:24  Robotics Facility  
  43  3:25  Probe (Chrono Boost)  
  44  3:31  Probe (Chrono Boost), Pylon  
  45  3:35  Probe (Chrono Boost)  
  46  3:43  Pylon  
  46  3:49  Twilight Council  
  46  3:50  Probe (Chrono Boost)  
  46  3:51  Probe (Chrono Boost)  
  46  3:55  Pylon  
  48  4:00  Probe (Chrono Boost)  
  50  4:03  Probe (Chrono Boost)  
  50  4:04  Gateway  
  50  4:09  Observer  
  50  4:10  Blink  
  50  4:11  Assimilator  
  50  4:12  Probe (Chrono Boost)  
  50  4:15  Assimilator, Probe (Chrono Boost)  
  54  4:24  Probe (Chrono Boost)  
  54  4:27  Probe (Chrono Boost)  
  54  4:28  Forge  
  55  4:34  Observer  
  55  4:36  Probe (Chrono Boost)  
  55  4:38  Stalker  
  60  4:39  Probe (Chrono Boost)  
  60  4:46  Pylon  
  60  4:47  Stalker, Protoss Ground Weapons Level 1  
  60  4:48  Probe (Chrono Boost)  
  60  4:51  Probe (Chrono Boost)  
  64  4:57  Immortal  
  69  5:00  Probe (Chrono Boost)  
  69  5:01  Pylon  
  69  5:05  Probe (Chrono Boost)  
  70  5:08  Pylon  
  70  5:12  Probe (Chrono Boost)  
  71  5:15  Sentry  
  71  5:21  Probe (Chrono Boost)  
  74  5:25  Probe (Chrono Boost)  
  75  5:32  Sentry  
  75  5:33  Probe (Chrono Boost)  
  79  5:36  Nexus  
  79  5:37  Probe (Chrono Boost)  
  79  5:40  Pylon  
  79  5:41  Pylon  
  79  5:42  Sentry  
  81  5:45  Probe (Chrono Boost)  
  83  5:50  Probe (Chrono Boost)  
  83  5:53  Gateway  
  83  5:55  Gateway  
  83  5:58  Gateway  
  83  5:59  Probe (Chrono Boost)  
  83  6:02  Templar Archives  
  85  6:05  Probe (Chrono Boost)  
  85  6:10  Stargate  
  86  6:11  Probe (Chrono Boost)  
  86  6:15  Pylon  
  86  6:17  Probe (Chrono Boost)  
  87  6:23  Stargate x2  
  88  6:25  Probe (Chrono Boost)  
  88  6:27  Protoss Ground Weapons Level 2  
  88  6:32  Probe (Chrono Boost)  
  89  6:37  Assimilator  
  89  6:38  Probe (Chrono Boost)  
  88  6:43  Assimilator  
  88  6:44  Probe (Chrono Boost)  
  88  6:45  Pylon  
  89  6:50  Probe (Chrono Boost), Charge  
  89  6:51  Probe (Chrono Boost)  
  91  6:56  Probe (Chrono Boost)  
  91  7:01  Pylon  
  93  7:02  Probe x2 (Chrono Boost)  
  93  7:05  Phoenix  
  93  7:06  Phoenix  
  93  7:08  Probe (Chrono Boost), Pylon  
  95  7:14  Probe (Chrono Boost)  
  100  7:20  Pylon  
  100  7:21  Stalker x3  
  106  7:29  Probe x3 (Chrono Boost)  
  109  7:30  Phoenix x2  
  113  7:37  Gateway  
  113  7:41  Gateway  
  112  7:47  Fleet Beacon  
  112  7:54  Probe (Chrono Boost)  
  112  7:55  Probe (Chrono Boost)  
  112  7:56  Nexus  
  112  7:57  Phoenix  
  115  7:58  Probe (Chrono Boost)  
  115  8:00  Phoenix  
  120  8:07  Probe x2 (Chrono Boost)  
  120  8:10  Pylon  
  121  8:19  Phoenix  
  121  8:22  Phoenix  
  121  8:25  Pylon  
  125  8:29  Protoss Ground Weapons Level 3  
  131  8:34  Anion Pulse-Crystals  
  131  8:36  Assimilator  
  131  8:39  Assimilator  
  131  8:43  Probe (Chrono Boost)  
  132  8:49  Gateway  
  132  8:51  Gateway  
  132  8:56  Gateway  
  132  8:58  Gateway  
  132  9:03  Zealot x4  
  140  9:21  Nexus  
  140  9:30  High Templar  
  140  9:31  High Templar x3, Zealot x2  
  146  9:32  Zealot x2  
  146  9:37  Pylon x2, Photon Cannon  
  154  9:41  Warp Prism, Archon  
  154  9:42  Archon  
  156  9:53  High Templar x3  
  156  9:54  High Templar, Zealot  
  156  9:55  Zealot x3  
  156  9:57  Archon  
  156  9:58  Archon  
  156  9:59  Pylon  
  172  10:01  Pylon, Photon Cannon  
  172  10:11  High Templar x2, Zealot x2  
  180  10:18  Oracle  
  180  10:20  Gateway x2  
  180  10:23  Gateway  
  180  10:25  Archon  
  183  10:37  High Templar  
  183  10:38  High Templar x3, Zealot x5  
  183  10:41  Archon  
  183  10:42  Archon  
  199  10:45  Assimilator, Photon Cannon  
  199  10:47  Assimilator  
  199  10:52  Protoss Shields Level 1  
  180  11:19  Stalker x10  
  173  11:37  Stalker  
  173  11:38  Stalker  
  155  11:42  Stalker x10  
  163  12:07  Stalker x12  
  185  12:12  Oracle  
  185  12:16  Observer  
  153  12:44  Mothership Core (Chrono Boost)  
  153  12:46  Stalker x15  
  179  13:09  High Templar x3  
  179  13:10  High Templar, Zealot x5  
  179  13:11  Zealot x2  
  200  13:14  Archon  
  200  13:15  Archon  
  200  13:27  Nexus  
  197  13:35  Stalker x2  
  156  13:48  Stalker x3  
  156  13:49  Stalker x9  
  177  13:56  Observer  
  178  14:12  Stalker  
  178  14:16  Pylon  
  178  14:17  Pylon  
  176  14:29  Stalker x7  
  176  14:30  Stalker x2  
Tags
 
Add a new tag
Caveats
  • Supply blocks, unpowered buildings, or Contaminate may cause inaccurate times.
  • Supply counts are checked every 10 seconds.